 Dungeon Crawl Stone Soup version 0.17.1-3-g152610e (webtiles) character file.

6988 jacquesderrida the Carver (level 10, 0/83 HPs)
             Began as a Demigod Necromancer on Apr 17, 2016.
             Slain by a black mamba (8 damage)
             ... on level 2 of the Lair of Beasts.
             The game lasted 00:35:10 (6244 turns).

jacquesderrida the Carver (Demigod Necromancer)     Turns: 6244, Time: 00:35:10

Health: 0/83       AC: 12    Str: 13    XL:     10   Next: 52%
Magic:  12/15      EV: 18    Int: 21    God:
Gold:   524        SH:  0    Dex: 18    Spells: 1 memorised, 9 levels left

rFire  . . .     SeeInvis .     a - +3 scimitar (elec)
rCold  . . .     Clarity  .     Q - +3 ring mail
rNeg   . . .     SustAt   +     (no shield)
rPois  .         Gourm    .     (no helmet)
rElec  .         Spirit   .     F - +0 cloak
rCorr  .         Warding  .     I - +0 pair of gloves
rMut   .         Stasis   .     q - +0 pair of boots
MR     +....                    (no amulet)
Stlth  ++........               v - +2 ring of evasion (curse)
                                (no ring)

@: somewhat resistant to hostile enchantments, unstealthy
A: high mp 1, sustain attributes
a: no special abilities


You were on level 2 of the Lair of Beasts.
You were not hungry.

You visited 2 branches of the dungeon, and saw 13 of its levels.

You collected 524 gold pieces.

Inventory:

Hand Weapons
 a - a +3 scimitar of electrocution (weapon)
 b - a +0 blowgun
 u - a +0 great sword
 N - a +0 hand axe of flaming
Missiles
 p - 81 poisoned needles
 s - 3 throwing nets (quivered)
Armour
 q - a +0 pair of boots (worn)
 F - a +0 cloak (worn)
 I - a +0 pair of gloves (worn)
 Q - a +3 ring mail (worn)
Magical Staves
 n - an uncursed staff of energy
Jewellery
 v - a cursed +2 ring of evasion (right hand)
 B - an uncursed ring of teleportation
 E - an uncursed ring of stealth
Wands
 e - a wand of cold (0)
 f - a wand of enslavement (16)
 y - a wand of draining (5)
 G - a wand of confusion (9)
 T - a wand of enslavement (10)
Scrolls
 d - a scroll of magic mapping
 g - 2 scrolls of identify
 o - 5 scrolls of recharging
 A - 5 scrolls of teleportation
 H - 2 scrolls of blinking
 M - 3 scrolls of remove curse
 P - a scroll of enchant weapon
Potions
 i - 2 potions of might
 w - 2 potions of invisibility
 C - 2 potions of agility
Miscellaneous
 L - an ornate deck of summoning
Comestibles
 c - 5 bread rations
 h - 4 chunks of flesh
 j - 6 meat rations


   Skills:
 - Level 6.1 Fighting
 + Level 8.1 Long Blades
   Level 4.5 Maces & Flails
 + Level 5.0 Armour
 + Level 8.1 Dodging
 - Level 1.7 Stealth
 - Level 1.7 Spellcasting
 - Level 3.7 Charms
 - Level 3.6 Necromancy


You had 9 spell levels left.
You knew the following spells:

 Your Spells              Type           Power        Failure   Level  Hunger
r - Regeneration          Chrm/Necr      ###.......   21%         3    ###....


Dungeon Overview and Level Annotations

Branches:
Dungeon (11/15)            Temple (0/1) D:5            Lair (2/8) D:11
    Orc: D:9-12

Shops:
D:5 %   D:7 =   D:9 %

Annotations:
D:6 demon blade in a stone


Innate Abilities, Weirdness & Mutations

You have an increased reservoir of magic (+10% MP).
Your attributes are resistant to harm.


Message History

The black mamba is almost dead.
The black mamba closely misses you.
You barely miss the black mamba.
The black mamba is almost dead.
The black mamba bites you!
* * * LOW HITPOINT WARNING * * *
You are poisoned.
The black mamba poisons you! The black mamba bites you!
* * * LOW HITPOINT WARNING * * *
Drink which item? (? for menu, Esc to quit)
You feel better.
Your skin stops crawling.
The black mamba misses you. The black mamba bites you!
* * * LOW HITPOINT WARNING * * *
Unknown command.
Drink which item? (? for menu, Esc to quit)
You feel better.
The black mamba bites you but does no damage.
The black mamba bites you!
You die...

## ###### #### ########
##P###
##.#.#####.P###.##.#.##.....#
...................Y.........
................#..#.........
......# #.......#####........
.....## #......######........
....†P###.......P#.#.#.......
................@S†......#.#.
.###.....#######.####..##....
## #.....# ### #.......
#......# #...... #P......#
..8... ##.....## .....
.......# ...# .......#


You could see a black mamba.

Vanquished Creatures
  A hill giant (D:10)
  A black mamba (Lair:1)
  The ghost of bollicks1999 the Covert, a novice OpAs (D:5)
  2 fire drakes
  A wyvern (D:9)
  Eustachio (D:6)
  2 hippogriffs
  5 yaks
  A hungry ghost (D:8)
  3 wolves (Lair:2)
  3 sky beasts
  3 water moccasins (Lair:1)
  A wasp (D:8)
  2 centaurs
  4 orc warriors
  3 porcupines
  2 ogres
  2 big kobolds (D:9)
  Blork the orc (D:6)
  A gnoll sergeant (D:6)
  A giant frog (D:11)
  A wyvern skeleton (D:10)
  2 scorpions
  6 killer bees (D:7)
  An electric eel (D:8)
  A crimson imp (D:7)
  A giant frog zombie (D:6)
  5 orc wizards
  A quasit (D:8)
  4 hounds
  A giant frog skeleton (D:7)
  5 orc priests
  Natasha (thrice) (D:3)
  3 iguanas
  2 worker ants
  6 sheep
  A hound zombie (D:6)
  8 gnolls (D:7)
  A worker ant zombie (D:9)
  8 adders
  16 river rats (Lair:1)
  2 shadow imps
  An adder skeleton (D:9)
  2 giant geckos
  21 orcs
  2 ball pythons (D:3)
  4 bats
  5 giant cockroaches
  A hobgoblin (D:1)
  4 kobolds
  4 quokkas
  2 giant newts
  6 goblins
  10 jackals
  A quokka skeleton (D:4)
  2 rats
184 creatures vanquished.

Notes
Turn   | Place    | Note
--------------------------------------------------------------
     0 | D:1      | jacquesderrida the Demigod Necromancer began the quest for the Orb.
     0 | D:1      | Reached XP level 1. HP: 14/14 MP: 5/5
   128 | D:1      | Reached skill level 1 in Fighting
   329 | D:2      | Reached XP level 2. HP: 18/23 MP: 5/7
   446 | D:2      | Found a burning altar of Makhleb.
   449 | D:2      | Found an ancient bone altar of Kikubaaqudgha.
   450 | D:2      | Found a stormy altar of Qazlal.
   533 | D:2      | Reached XP level 3. HP: 15/30 MP: 4/8
   543 | D:2      | Learned a level 3 spell: Regeneration
   736 | D:3      | Found a snail-covered altar of Cheibriados.
   945 | D:3      | Noticed Natasha
   964 | D:3      | Killed Natasha
   964 | D:3      | Reached skill level 1 in Maces & Flails
  1046 | D:3      | Noticed Natasha
  1080 | D:3      | Killed Natasha
  1080 | D:3      | Reached XP level 4. HP: 38/38 MP: 9/9
  1130 | D:3      | Found a bloodstained altar of Trog.
  1215 | D:3      | Noticed Natasha
  1229 | D:3      | Killed Natasha
  1376 | D:4      | Found a glowing silver altar of Zin.
  1430 | D:5      | Entered Level 5 of the Dungeon
  1509 | D:5      | Noticed bollicks1999's ghost (novice OpAs)
  1549 | D:5      | Noticed a sky beast
  1932 | D:5      | Found an opulent altar of Gozag.
  1991 | D:5      | Found Reqyuq's Food Shoppe.
  2042 | D:5      | Killed a sky beast
  2042 | D:5      | Reached skill level 4 in Fighting
  2042 | D:5      | Reached XP level 5. HP: 29/46 MP: 10/10
  2128 | D:5      | Killed bollicks1999's ghost
  2128 | D:5      | Reached skill level 5 in Fighting
  2128 | D:5      | Reached XP level 6. HP: 25/56 MP: 2/11
  2162 | D:5      | Found a staircase to the Ecumenical Temple.
  2382 | D:6      | Noticed a centaur
  2401 | D:6      | Killed a centaur
  2438 | D:6      | Noticed an ice beast
  2586 | D:6      | Reached XP level 7. HP: 26/61 MP: 0/12
  2624 | D:6      | Found a deep blue altar of Sif Muna.
  2661 | D:6      | Noticed Blork the orc
  2692 | D:6      | Killed Blork the orc
  2708 | D:6      | Noticed an orc warrior
  2711 | D:6      | Noticed an orc warrior
  2772 | D:6      | Killed an orc warrior
  2772 | D:6      | Reached skill level 1 in Charms
  2799 | D:6      | Noticed Eustachio
  2823 | D:6      | Killed Eustachio
  2823 | D:6      | Reached skill level 1 in Long Blades
  2855 | D:6      | Reached skill level 6 in Fighting
  2897 | D:6      | Killed an orc warrior
  3129 | D:7      | Reached XP level 8. HP: 65/70 MP: 11/13
  3144 | D:7      | Reached skill level 1 in Armour
  3554 | D:7      | Found Raxaoh's Jewellery Emporium.
  3787 | D:8      | Found a radiant altar of Vehumet.
  3949 | D:8      | Found a snail-covered altar of Cheibriados.
  4183 | D:8      | Found an opulent altar of Gozag.
  4311 | D:8      | Reached XP level 9. HP: 75/75 MP: 14/14
  4526 | D:9      | Found Baicho's Food Boutique.
  4534 | D:9      | Reached skill level 5 in Dodging
  4552 | D:9      | Reached skill level 5 in Long Blades
  4872 | D:10     | Entered Level 10 of the Dungeon
  4993 | D:10     | Noticed a hill giant
  5040 | D:10     | Killed a hill giant
  5443 | D:11     | Found a staircase to the Lair.
  5591 | D:11     | Reached skill level 7 in Long Blades
  5744 | Lair:1   | Entered Level 1 of the Lair of Beasts
  5840 | Lair:1   | Reached XP level 10. HP: 74/83 MP: 15/15
  6017 | Lair:1   | Noticed a black mamba
  6023 | Lair:1   | Killed a black mamba
  6227 | Lair:2   | Reached skill level 8 in Dodging
  6240 | Lair:2   | Reached skill level 5 in Armour
  6243 | Lair:2   | HP: 2/83 [black mamba (13)]
  6244 | Lair:2   | Slain by a black mamba

Action                   |  1- 3 |  4- 6 |  7- 9 | 10-12 || total
-------------------------+-------+-------+-------+-------++-------
Melee: Whip              |    38 |    97 |    19 |       ||   154
       Unarmed           |     3 |     6 |       |       ||     9
       Staff             |       |    41 |       |       ||    41
       Scimitar          |       |       |   253 |    91 ||   344
 Fire: Hunting sling     |     8 |       |       |       ||     8
       Blowgun           |       |    11 |   113 |     2 ||   126
Throw: Stone             |     3 |       |       |       ||     3
 Cast: Pain              |    44 |    10 |       |       ||    54
       Regeneration      |     2 |    13 |    35 |    11 ||    61
Evoke: Wand              |       |       |     5 |    10 ||    15
  Use: Potion            |     2 |       |     1 |     4 ||     7
       Scroll            |       |     8 |    10 |       ||    18
 Stab: Sleeping          |       |     2 |    11 |       ||    13
       Distracted        |       |       |     1 |       ||     1
  Eat: Chunk             |     1 |     3 |    13 |       ||    17
       Royal jelly       |       |     1 |     1 |       ||     2
       Pizza             |       |     1 |     4 |       ||     5
       Beef jerky        |       |       |     3 |       ||     3
